 Dungeon Crawl Stone Soup version 0.27-a0-988-g25969acef8 (webtiles) character file.

Game seed: 15652266975799980982

27356 vurker the Thaumaturge (level 13, -8/99 HPs)
             Began as a Djinni Fire Elementalist on Apr 15, 2021.
             Mangled by a death yak (24 damage)
             ... on level 1 of the Lair of Beasts.
             The game lasted 00:24:39 (22387 turns).

vurker the Thaumaturge (Djinni Fire Elementalist)  Turns: 22387, Time: 00:24:40

Health: -8/99      AC: 11    Str: 11    XL:     13   Next: 31%
Gold:   791        EV: 19    Int: 32    God:
                   SH:  0    Dex: 18

rFire    + + .     SeeInvis .   b - +0 dagger (venom)
rCold    x . .     Faith    .   (no shield)
rNeg     . . .     Spirit   .   n - +4 robe of Augmentation {Str+4 Int+4 Dex+4} rPois โˆž Reflect .
                                A - +0 helmet
rElec    .         Harm     .   r - +2 cloak
rCorr    +         Rampage  .   a - +0 pair of gloves
Will     +....                  (boots unavailable)
Stlth    ++........             (no amulet)
HPRegen  0.26/turn              O - +6 ring of intelligence
MPRegen  0.00/turn              K - ring of resist corrosion

@: flying
A: fire resistance 2, cold vulnerability 1, float, innate caster, hp casting,
extra vitality 1
a: no special abilities


You were on level 1 of the Lair of Beasts.
You visited 2 branches of the dungeon, and saw 13 of its levels.

You collected 860 gold pieces.
You spent 69 gold pieces at shops.

Inventory:

Hand Weapons
 b - a +0 dagger of venom (weapon)
   (You took it off a kobold on level 2 of the Dungeon)
 e - a +2 short sword of speed
   (You took it off a kobold on level 1 of the Dungeon)
 m - the +5 whip of Domination {elec, Fly Int+7}
   (You found it on level 1 of the Lair of Beasts)

   Occasionally, upon striking a foe, it can discharge electrical energy and
   cause terrible harm.
   It affects your intelligence (+7).
   It grants you flight.
Armour
 a - a +0 pair of gloves (worn)
   (You found it on level 4 of the Dungeon)
 n - the +4 robe of Augmentation (worn) {Str+4 Int+4 Dex+4}
   (You found it on level 4 of the Dungeon)

   It affects your strength (+4).
   It affects your intelligence (+4).
   It affects your dexterity (+4).
 r - a +2 cloak (worn)
   (You found it on level 4 of the Dungeon)
 A - a +0 helmet (worn)
   (You found it on level 6 of the Dungeon)
 C - a +1 leather armour of cold resistance
   (You took it off an orc on level 4 of the Dungeon)
 N - a +0 kite shield
   (You took it off a gnoll sergeant on level 11 of the Dungeon)
Magical Staves
 M - a staff of air
   (You found it on level 5 of the Dungeon)
Jewellery
 K - a ring of resist corrosion (right hand)
   (You found it on level 10 of the Dungeon)
 O - a +6 ring of intelligence (left hand)
   (You found it on level 1 of the Lair of Beasts)
 Q - a ring of fire
   (You found it on level 8 of the Dungeon)
 R - a ring of positive energy
   (You found it on level 1 of the Lair of Beasts)
Wands
 d - a wand of iceblast (21)
   (You found it on level 6 of the Dungeon)
 o - a wand of mindburst (15)
   (You found it on level 4 of the Dungeon)
 t - a wand of flame (6)
   (You found it on level 11 of the Dungeon)
 u - a wand of paralysis (11)
   (You found it on level 10 of the Dungeon)
 v - a wand of charming (7)
   (You found it on level 6 of the Dungeon)
 x - a wand of acid (2)
   (You took it off a gnoll on level 7 of the Dungeon)
Scrolls
 c - a scroll of vulnerability {unknown}
 h - 12 scrolls of identify {unknown}
 j - 5 scrolls of teleportation
 k - 3 scrolls of enchant armour {unknown}
 q - a scroll of immolation {unknown}
 w - a scroll of brand weapon {unknown}
 y - 3 scrolls of amnesia {unknown}
 z - 3 scrolls of blinking {unknown}
 D - a scroll of magic mapping {unknown}
 G - a scroll of fear {unknown}
 H - a scroll of acquirement {unknown}
 I - a scroll of enchant weapon {unknown}
 P - a scroll of fog {unknown}
Potions
 f - 2 potions of haste {unknown}
 g - 2 potions of might
 i - 2 potions of heal wounds {unknown}
 l - 3 potions of curing {unknown}
 p - a potion of magic {unknown}
 s - a potion of mutation {unknown}
 B - a potion of degeneration {unknown}
 E - 3 potions of invisibility {unknown}
 F - 2 potions of lignification {unknown}
 J - 2 potions of brilliance
 L - a potion of cancellation {unknown}


   Skills:
 + Level 11.4 Fighting
 + Level 11.1 Dodging
 - Level 1.5 Stealth
 * Level 13.6 Spellcasting


You had 4 spell levels left.
You knew the following spells:

 Your Spells              Type           Power      Damage    Failure   Level
a - Foxfire               Conj/Fire      100%       2x1d9     0%          1
b - Conjure Flame         Conj/Fire      83%        6-21      1%          3
c - Inner Flame           Hex/Fire       83%        N/A       1%          3
d - Pain                  Necr           100%       1d9       0%          1
e - Call Imp              Summ           83%        N/A       0%          2
f - Call Canine Familiar  Summ           83%        N/A       1%          3
g - Ice Form              Ice/Tmut       83%        N/A       1%          4
h - Fulminant Prism       Conj/Hex       41%        3d20      1%          4
i - Alistair's Intoxicat  Tmut/Pois      55%        N/A       1%          5
q - Sticky Flame          Conj/Fire      83%        2d9       1%          4
z - Fireball              Conj/Fire      41%        3d17      1%          5
Your spell library was empty.

Dungeon Overview and Level Annotations

Branches:
Dungeon (11/15)            Temple (0/1) D:5            Lair (2/6) D:8
  Swamp: Lair:2-4    Shoals: Lair:2-4     Snake: Lair:2-4    Spider: Lair:2-4
    Orc: D:9-12

Altars:
Ashenzari
Dithmenos
Elyvilon
Fedhas
Gozag
Makhleb
Nemelex Xobeh
Okawaru
Ru
Sif Muna
Xom
Zin
Beogh

Shops:
D:9 *

Annotations:
D:7 2 transporters, wakim's ghost, novice DjVM


Innate Abilities, Weirdness & Mutations

You are immune to poison.
Your flesh is very heat resistant. (rF++)
You are vulnerable to cold. (rC-)
You float through the air rather than walking.
You learn spells naturally, not from books.
Your magical power is your life essence.
You have superior vitality. (+4 HP)


Message History

You hear a bellow!
Aim: a four-headed hydra (heavily wounded)
The fireball explodes!
The fireball engulfs the four-headed hydra!!
You hear an angry hiss.
Aim: a four-headed hydra (severely wounded)
The fireball explodes!
The fireball engulfs the four-headed hydra!
You kill the four-headed hydra!
A death yak comes into view.
A death yak is nearby!
A nearby fungus withers and dies.
Aim: a death yak The fireball explodes!
The fireball engulfs the death yak!
You hear a loud, deep croak!
A death yak comes into view.
Aim: a death yak (lightly wounded)
The fireball explodes!
The fireball engulfs the death yak!!
There is a stone staircase leading up here.
Aim: a death yak (moderately wounded)
The fireball explodes!
The fireball engulfs the death yak!!!
You hear an angry hiss.
Aim: a death yak (almost dead)
The fireball explodes!
The fireball engulfs the death yak!!
You kill the death yak!
A death yak is nearby!
Aim: a death yak The fireball explodes!
The fireball engulfs the death yak.
Aim: a death yak (lightly wounded)
The fireball explodes!
The fireball engulfs the death yak!!
A death yak comes into view.
The fireball explodes!
The fireball engulfs the death yak!! x2
The death yak gores you!
* * * LOW HITPOINT WARNING * * *
The fireball explodes!
The fireball engulfs the death yak!! x2
* * * LOW HITPOINT WARNING * * *
You hear a croak.
The death yak gores you!
* * * LOW HITPOINT WARNING * * *
The death yak gores you!
* * * LOW HITPOINT WARNING * * *
The death yak closely misses you.
You fly upwards.
There is a stone staircase leading down here.
Aim: a death yak (heavily wounded, 90% to hit)
The bolt of acid hits the death yak!
The death yak is splashed with acid!
You kill the death yak!
The bolt of acid hits the death yak.
The death yak is splashed with acid.
The acid corrodes the death yak!
The death yak gores you!!
You die...

.####.....##..8...#.รท...#....##
.## ##..8..#........8..##.....##
..## #.....#...........#.......##
...####.......8.......#..##......
#...###............).##.####.....
##....###..8..>..8.....## ##....
#....####.........##.## ##...
###...####...8...##.## ##.. #
##.....#.....@##.## #####P. ###
##...#.##..Y##.## #####P#....
..####.....##...#######..........
.......#.........#...............
...........#8.>.8................
.................................
...........##.8.##...............
............#.#.#....}........โ‰ˆ..
............................โ‰ˆ#...


You could see a death yak (corroded).

Vanquished Creatures
  Erolcha (D:11)
  2 hydras
  A catoblepas (Lair:2)
  2 death yaks
  3 two-headed ogres
  A skeletal warrior (D:11)
  The ghost of HoaS the Insei, a novice DjGl of Makhleb (D:8)
  Pikel (D:9)
  An orc knight (D:11)
  A manticore (D:11)
  3 cyclopes (D:11)
  2 slime creatures (D:9)
  Joseph (D:9)
  Maggie (D:7)
  An unseen horror (D:8)
  2 rime drakes (Lair:1)
  A komodo dragon (D:8)
  4 cane toads
  A kobold demonologist (D:11)
  2 trolls
  Grinder (D:5)
  Prince Ribbit (D:9)
  6 blink frogs
  2 basilisks (Lair:1)
  4 wyverns (D:8)
  25 yaks
  Grum (D:10)
  A steam dragon (D:9)
  A vampire mosquito (D:11)
  A hog (shapeshifter) (D:11)
  Menkaure (D:7)
  An acid dragon (D:11)
  10 water moccasins
  8 orc warriors
  3 ice beasts (D:8)
  A black bear (D:4)
  A hornet zombie (D:8)
  An ogre (D:4)
  2 sky beasts
  3 centaurs
  18 wolves
  A lemure (D:9)
  A phantom (D:7)
  2 kobold brigands
  A gnoll sergeant (D:11)
  6 bullfrogs
  3 wyvern zombies
  2 scorpions
  3 water moccasin skeletons (D:4)
  13 killer bees (D:9)
  5 wights
  3 howler monkeys
  5 centaur zombies
  3 jellies
  2 hounds
  9 orc priests
  A gnoll shaman (D:7)
  An iguana (D:4)
  16 orc wizards
  A killer bee zombie (D:8)
  2 howler monkey zombies
  A killer bee simulacrum (D:8)
  6 gnolls
  6 adders
  4 white imps
  A howler monkey simulacrum (D:8)
  3 worms
  4 dart slugs
  36 orcs
  8 ball pythons
  7 bats
  7 endoplasms
  A giant cockroach (D:4)
  8 goblins
  9 hobgoblins
  11 jackals
  25 kobolds
  8 quokkas
  4 frilled lizards
  5 rats
  3 bushes (D:8)
361 creatures vanquished.

Vanquished Creatures (collateral kills)
  2 foxfires (D:8)
2 creatures vanquished.

Vanquished Creatures (others)
  An orc (D:7)
  A bush (D:8)
  1027 foxfires
  5 fungi
  20 plants
1054 creatures vanquished.

Grand Total: 1417 creatures vanquished

Notes
Turn   | Place    | Note
-------+----------+-------------------------------------------
     0 | D:1      | vurker the Djinni Fire Elementalist began the quest for the
                  | Orb.
     0 | D:1      | Reached XP level 1. HP: 15/15 MP: 0/0
   329 | D:1      | Reached skill level 3 in Spellcasting
   329 | D:1      | Reached XP level 2. HP: 19/22 MP: 0/0
   494 | D:1      | Reached skill level 1 in Fighting
   560 | D:1      | Found a faded altar of an unknown god.
   734 | D:1      | Reached XP level 3. HP: 22/27 MP: 0/0
   734 | D:1      | Learned a level 1 spell: Pain
  1972 | D:2      | Reached XP level 4. HP: 31/33 MP: 0/0
  2790 | D:3      | Reached skill level 4 in Spellcasting
  2918 | D:3      | Reached XP level 5. HP: 19/38 MP: 0/0
  2918 | D:3      | Learned a level 2 spell: Call Imp
  3971 | D:4      | Found the +4 robe of Augmentation {Str+4 Int+4 Dex+4}
  4463 | D:4      | Reached XP level 6. HP: 27/46 MP: 0/0
  4467 | D:4      | Reached skill level 5 in Spellcasting
  4687 | D:4      | You are sucked into a shaft and drop 2 floors!
  4690 | D:5      | Entered Level 5 of the Dungeon
  4773 | D:5      | Found a broken altar of Ashenzari.
  5206 | D:4      | Reached XP level 7. HP: 35/51 MP: 0/0
  5206 | D:4      | Learned a level 3 spell: Call Canine Familiar
  5381 | D:4      | Reached skill level 6 in Spellcasting
  6022 | D:5      | Found a staircase to the Ecumenical Temple.
  6208 | D:5      | Noticed Grinder
  6214 | D:5      | Killed Grinder
  6215 | D:5      | Reached skill level 5 in Fighting
  6215 | D:5      | Reached skill level 7 in Spellcasting
  6215 | D:5      | Reached XP level 8. HP: 54/59 MP: 0/0
  7034 | D:7      | Noticed Maggie
  7300 | D:7      | Found a transporter.
  7308 | D:7      | Noticed wakim's ghost (novice DjVM)
  7308 | D:7      | Noticed a two-headed ogre
  7309 | D:7      | Found a transporter.
  7433 | D:7      | Reached skill level 8 in Spellcasting
  7433 | D:7      | Reached XP level 9. HP: 42/66 MP: 0/0
  7433 | D:7      | Learned a level 4 spell: Ice Form
  7559 | D:7      | Killed Maggie
  7820 | D:7      | Noticed Menkaure
  7834 | D:7      | Killed Menkaure
  9210 | D:8      | Reached skill level 9 in Spellcasting
  9327 | D:7      | Reached skill level 5 in Dodging
  9488 | D:8      | Found a runed translucent gate.
  9488 | D:8      | Found a runed translucent gate.
  9488 | D:8      | Found a runed translucent gate.
  9655 | D:8      | Reached XP level 10. HP: 54/75 MP: 0/0
  9997 | D:8      | Killed an unseen horror
 10194 | D:8      | Reached skill level 10 in Spellcasting
 10487 | D:8      | Noticed HoaS's ghost (novice DjGl)
 10680 | D:8      | Found an iron altar of Okawaru.
 10962 | D:8      | Found a staircase to the Lair.
 11538 | D:9      | Found a shadowy altar of Dithmenos.
 11538 | D:9      | Found a sacrificial altar of Ru.
 11540 | D:9      | Found a sparkling altar of Nemelex Xobeh.
 11540 | D:9      | Found a sparkling altar of Nemelex Xobeh.
 11540 | D:9      | Found a shimmering altar of Xom.
 11790 | D:9      | Noticed Pikel
 11795 | D:9      | Killed Pikel
 11949 | D:9      | Reached XP level 11. HP: 77/82 MP: 0/0
 11949 | D:9      | Learned a level 4 spell: Fulminant Prism
 12667 | D:9      | Reached skill level 11 in Spellcasting
 12979 | D:9      | Noticed Prince Ribbit
 12984 | D:9      | Killed Prince Ribbit
 13300 | D:9      | Found a sparkling altar of Nemelex Xobeh.
 13300 | D:9      | Found an opulent altar of Gozag.
 13313 | D:9      | Noticed Joseph
 13322 | D:9      | Killed Joseph
 13585 | D:9      | Found Diplyw's Assorted Antiques.
 13636 | D:9      | Bought a scroll labelled LURONW CORETS for 24 gold pieces
 13636 | D:9      | Bought a scroll labelled PIK TOOD TAXT for 24 gold pieces
 13636 | D:9      | Bought an inky potion for 21 gold pieces
 13951 | D:10     | Entered Level 10 of the Dungeon
 14204 | D:10     | Noticed a two-headed ogre
 14208 | D:10     | Killed a two-headed ogre
 14432 | D:10     | Found a burning altar of Makhleb.
 14435 | D:10     | Noticed a blizzard demon
 14445 | D:10     | Found a glowing silver altar of Zin.
 14445 | D:10     | Noticed an angel
 14733 | D:10     | Noticed Grum
 14737 | D:10     | Killed Grum
 14956 | D:10     | Found a sacrificial altar of Ru.
 14957 | D:10     | Found a white marble altar of Elyvilon.
 15225 | D:10     | Found a blossoming altar of Fedhas.
 15396 | D:11     | Noticed Erolcha
 15400 | D:11     | Killed Erolcha
 15540 | D:11     | Noticed a cyclops
 15545 | D:11     | Killed a cyclops
 15551 | D:11     | Noticed a two-headed ogre
 15554 | D:11     | Killed a two-headed ogre
 15709 | D:11     | Noticed a cyclops
 15715 | D:11     | Killed a cyclops
 15716 | D:11     | Reached skill level 12 in Spellcasting
 15716 | D:11     | Reached XP level 12. HP: 70/91 MP: 0/0
 15945 | D:11     | Reached skill level 10 in Fighting
 15947 | D:11     | Noticed a two-headed ogre
 15948 | D:11     | Killed a two-headed ogre
 15948 | D:11     | Noticed a six-headed hydra
 15954 | D:11     | Killed a six-headed hydra
 17249 | Lair:1   | Entered Level 1 of the Lair of Beasts
 17295 | D:8      | Reached skill level 10 in Dodging
 17747 | D:8      | HP: 3/93 [cane toad (16)]
 19218 | D:8      | Killed HoaS's ghost
 19219 | D:8      | Reached skill level 13 in Spellcasting
 19631 | D:8      | Reached XP level 13. HP: 50/99 MP: 0/0
 19631 | D:8      | Learned a level 5 spell: Alistair's Intoxication
 19834 | D:8      | HP: 2/99 [yak (4)]
 20402 | D:8      | Found an iron altar of Okawaru.
 21467 | Lair:1   | Identified the +5 whip of Domination {elec, Fly Int+7}
 22387 | Lair:1   | Mangled by a death yak

Illustrated notes

Levels and vault maps discovered:
D:1:      lightli_arrival_maybe_door_vault, layout_rooms,
          ebering_ecumenical_altar_webs
D:2:      layout_basic, grunt_ministairs_11
D:3:      layout_loops_cross, minmay_diced_spiral
D:4:      minmay_chambers_of_threes, layout_rooms, corexii_hall_statues_x,
          kennysheep_orc_chapel
D:5:      layout_gridville, lemuel_round_altar, temple_green, uniq_grinder
D:6:      layout_basic
D:7:      layout_loops_cross, gammafunk_ghost_smash, grunt_ministairs_9,
          grunt_tough_drop, uniq_menkaure, uniq_maggie
D:8:      layout_cave_pools, lemuel_tele_altar, minmay_lair_entry_grove,
          gammafunk_ghost_icy
D:9:      kennysheep_six_static_rooms, layout_loops_corners,
          grunt_temple_overflow_opulence, doesnt_xom_only_xom, serial_shops,
          nicolae_shop_window_shopping, grunt_decor_arrowhead,
          uniq_prince_ribbit1, uniq_pikel, uniq_joseph
D:10:     layout_loops_ring, grunt_temple_overflow_order_and_chaos_2,
          nicolae_overflow_quartered_altars, uniq_grum
D:11:     layout_loops_ring, minmay_pinched_square, uniq_erolcha
Lair:1:   layout_hall_layers, portal_ice_cave_rime, grunt_megastairs_3
Lair:2:   layout_gridlike, nicolae_spider_entry_orb_guardian,
          beast_lair_carwin_6

Skill      XL: |  1  2  3  4  5  6  7  8  9 10 11 12 13 |
---------------+----------------------------------------+-----
Spellcasting   | 3 4 5 7 8 9 10 12 13 | 13.6
Fighting       | 1 2 3 5 6 7 8 9 11 | 11.4
Dodging        | 3 5 7 9 10 11 | 11.1
Stealth        | |  1.5

Action                   |  1- 3 |  4- 6 |  7- 9 | 10-12 | 13-15 || total
-------------------------+-------+-------+-------+-------+-------++-------
Melee: Short sword       |     4 |       |       |       |       ||     4
       Dagger            |    13 |    24 |     8 |     3 |       ||    48
 Cast: Foxfire           |    89 |   177 |   167 |   185 |       ||   618
       Sticky Flame      |       |     2 |    27 |    46 |     1 ||    76
       Fireball          |       |       |    12 |   151 |    51 ||   214
Evoke: Wand              |       |       |     4 |     9 |     1 ||    14
  Use: Potion            |       |       |       |     1 |       ||     1
       Scroll            |       |       |       |       |     1 ||     1
 Stab: Sleeping          |       |     1 |       |       |       ||     1
Armor: Robe              |     3 |    12 |    23 |    40 |     8 ||    86
Dodge: Dodged            |    12 |    28 |    37 |   178 |    15 ||   270

Table legend: (Time is in decaauts)
 A = Elapsed time spent in this place.
 B = Non-inter-level travel time spent in this place.
 C = Inter-level travel time spent in this place.
 D = Time resting spent in this place.
 E = Time spent auto-exploring this place.
 F = Levels seen in this place.
 G = Mean time per level.
                   A        B        C        D        E       F      G
               +--------+--------+--------+--------+--------+-----+--------+
         Total |  22408 |  21328 |   1080 |   2163 |  17009 |  13 | 1723.7 |
       Dungeon |  20768 |  19697 |   1071 |   2163 |  15545 |  11 | 1888.0 |
          Lair |   1640 |   1632 |      8 |      0 |   1464 |   2 |  820.0 |
               +--------+--------+--------+--------+--------+-----+--------+

Top non-repeatable levels by time:
     D:8: 3904 daAuts
     D:9: 3625 daAuts
     D:7: 2511 daAuts
     D:4: 1718 daAuts
    D:11: 1670 daAuts
     D:3: 1435 daAuts
    D:10: 1393 daAuts
     D:1: 1388 daAuts
  Lair:1: 1082 daAuts
     D:2: 1066 daAuts
     D:5: 1033 daAuts
     D:6: 1021 daAuts
  Lair:2: 557 daAuts
